 Dungeon Crawl Stone Soup version 0.22.1-2-g9c5b331 (console) character file.

4596 erker the Carver (level 10, 0/88 HPs)
             Began as a Deep Dwarf Fighter on Jan 4, 2019.
             Was a Believer of Makhleb.
             Slain by an orc warrior
             ... wielding a +0 halberd
              (27 damage)
             ... on level 9 of the Dungeon.
             The game lasted 00:39:53 (6669 turns).

erker the Carver (Deep Dwarf Fighter)               Turns: 6669, Time: 00:39:54

Health: 0/88       AC:  6    Str: 27    XL:     10   Next: 19%
Magic:  8/8        EV: 11    Int:  8    God:    Makhleb [**....]
Gold:   369        SH: 11    Dex: 12    Spells: 9/9 levels left

rFire    . . .     SeeInvis .   a - +5 demon blade (flame)
rCold    . . .     Gourm    .   c - +0 shield
rNeg     . . .     Faith    .   u - +1 robe "Xelidu Qeka" {Slay+5}
rPois    .         Spirit   .   (no helmet)
rElec    .         Reflect  .   (no cloak)
rCorr    .         Harm     .   e - +0 pair of gloves
MR       +....                  t - +0 pair of boots
Stlth    +.........             (no amulet)
HPRegen  0.00/turn              i - +3 ring of strength
MPRegen  0.11/turn              g - ring of flight

@: non-regenerating
A: damage resistance, heal wounds, sense surroundings 2, no regeneration
a: Heal Wounds, Minor Destruction, Renounce Religion, Evoke Flight


You were on level 9 of the Dungeon.
You worshipped Makhleb.
Makhleb was pleased with you.
You were not hungry.

You visited 2 branches of the dungeon, and saw 10 of its levels.
You also visited: Bailey.

You collected 729 gold pieces.
You spent 360 gold pieces at shops.

Inventory:

Hand Weapons
 a - a +5 demon blade of flaming (weapon)
 b - a +0 hunting sling
 d - a +0 long sword
 m - the +9 hand axe "Death Rattle" {drain, *Noise +Blink rF+ Str+4, unknown}
   (You found it on level 9 of the Dungeon)

   A truly terrible weapon, it drains the life of those it strikes.
   It affects your strength (+4).
   It protects you from fire.
   It lets you blink.
   It may make noises in combat.
 I - the +6 hand axe of Duty {protect, *Corrode Str+2 Int+2, unknown}
   (You found it on level 9 of the Dungeon)

   It protects the one who uses it against injury (+AC on strike).
   It affects your strength (+2).
   It affects your intelligence (+2).
   It may corrode you when you take damage.
Missiles
 o - 56 poisoned needles
 q - 100 bolts
 r - 6 sling bullets
 D - 61 arrows
 G - 2 javelins (quivered)
Armour
 c - a +0 shield (worn)
 e - a +0 pair of gloves (worn)
 s - a +2 leather armour of magic resistance
 t - a +0 pair of boots (worn)
 u - the +1 robe "Xelidu Qeka" (worn) {Slay+5}
   (You found it on level 4 of the Dungeon)

   It affects your accuracy and damage with ranged weapons and melee attacks
   (+5).
Jewellery
 g - a ring of flight (right hand)
 i - a +3 ring of strength (left hand)
Wands
 y - a wand of acid (18)
Scrolls
 h - a scroll of teleportation {unknown}
 j - a scroll of fog {unknown}
 k - 6 scrolls of identify
 l - 2 scrolls of remove curse
 n - 2 scrolls of magic mapping
 p - a scroll of enchant armour {unknown}
 v - 4 scrolls of fear {unknown}
 w - a scroll of random uselessness {unknown}
 x - 3 scrolls of enchant weapon {unknown}
 z - a scroll of blinking
Potions
 A - 2 potions of lignification {unknown}
 B - 2 potions of cancellation {unknown}
 C - a potion of magic {unknown}
 E - a potion of brilliance {unknown}
 F - 2 potions of curing {unknown}
Comestibles
 f - 26 rations
 H - 2 chunks of flesh


   Skills:
 + Level 5.3 Fighting
 * Level 11.7 Long Blades
 + Level 1.5 Slings
 + Level 5.8 Armour
 + Level 3.3 Dodging
 + Level 6.3 Shields
 + Level 0.5 Evocations


You had 9 spell levels left.
You didn't know any spells.
Your spell library contained the following spells:

 Spells                   Type           Power        Failure   Level  Hunger
 Corona                   Hex            #......      78%         1    ##.....
 Magic Dart               Conj           #...         78%         1    ##.....
 Blink                    Tloc           N/A          89%         2    ###....
 Call Imp                 Summ           #.......     89%         2    ###....
 Ensorcelled Hibernation  Hex/Ice        #.....       89%         2    ###....
 Slow                     Hex            #.......     89%         2    ###....
 Confuse                  Hex            #.......     98%         3    ####...
 Conjure Flame            Conj/Fire      #.......     98%         3    ####...
 Dazzling Spray           Conj/Hex       #.....       98%         3    ####...
 Mephitic Cloud           Conj/Pois/Air  #.......     98%         3    ####...
 Tukima's Dance           Hex            #.......     98%         3    ####...


Dungeon Overview and Level Annotations

Branches:
Dungeon (9/15)             Temple (1/1) D:4            Lair (0/6) D:8
    Orc: D:9-12

Altars:
Ashenzari
Cheibriados
Dithmenos
Elyvilon
Fedhas
Gozag
Hepliaklqana
Kikubaaqudgha
Makhleb
Nemelex Xobeh
Okawaru
Qazlal
Ru
Sif Muna
Trog
Uskayaw
Vehumet
Wu Jian
Xom
Yredelemnul
Zin
The Shining One

Shops:
D:5 (   D:8 (

Annotations:
D:4 1 runed door
D:7 1 runed door, HoaS's ghost, novice GrBe


Innate Abilities, Weirdness & Mutations

You are resistant to damage.
You can heal yourself by infusing magical energy.
You passively map the area around you.
You do not regenerate.


Message History

You block the crimson imp's attack.
You slice the crimson imp!!
You kill the crimson imp!
Makhleb accepts your kill.
You feel better.
Found a stone staircase leading down.
An orc comes into view.
An orc warrior comes into view. It is wielding a halberd.
An orc comes into view. It is wielding a club.
The orc shouts!
You hear a shout!
An orc priest comes into view. It is wielding an enchanted dagger.
There is a stone staircase leading down here.
You slice the orc!! You burn the orc.
You kill the orc!
Makhleb accepts your kill.
You feel better.
The orc priest mumbles some strange prayers to Beogh against you.
Beogh smites you!
The orc warrior hits you from afar with a halberd!!
You die...

*,,...# #..).....##.####
#....
#.###.######.###.##.##.#
#####
.....<.................#
#.##.########.##.##.####
*,*#.* ****.##.##.#
,,*#.* *,,,....##.###
,**#.* *,**.#####...#
,,,..* **#.##.#####.#.#
,**##* *,.o..oo.@>..#.#
,* *,....########.# ,*
*,.,,,* **.#* ,* *,,,,,*
**,..** ,* *,,,,,*
**,*.#,** ,* *******
*,**.#*,* ,* *,*,,**,*
,* *,*,***,*
,*********** **,,**,**


You could see an orc warrior, an orc priest and an orc.

Vanquished Creatures
  Pikel (D:8)
  Grinder (D:4)
  A spriggan (D:7)
  Sigmund (D:6)
  A wyvern (D:8)
  Menkaure (D:5)
  2 wargs (D:8)
  Edmund (D:4)
  4 orc warriors
  A black bear (D:8)
  A sky beast (D:5)
  An ice beast (D:5)
  2 phantoms
  A slave (D:8)
  An eye of draining (D:8)
  3 centaurs
  3 ogres
  Blork the orc (D:4)
  4 bullfrogs
  3 killer bees (D:8)
  2 howler monkeys
  5 crimson imps
  A bullfrog zombie (D:5)
  6 orc priests
  3 hounds
  3 jellies
  2 bullfrog skeletons (D:4)
  2 orc wizards (D:8)
  2 centaur skeletons
  Ijyb (D:3)
  An iguana (D:7)
  4 worker ants
  2 hound skeletons
  A worker ant zombie (D:7)
  4 gnolls
  6 adders
  A shadow imp (D:5)
  2 oozes (D:2)
  2 adder zombies
  2 worms
  A dart slug (D:4)
  4 leopard geckos
  19 orcs
  5 giant cockroaches
  8 goblins
  9 hobgoblins
  6 jackals
  3 quokkas
  6 bats
  7 frilled lizards
  A jackal skeleton (D:5)
  18 kobolds
  2 quokka skeletons
  6 rats
181 creatures vanquished.

Vanquished Creatures (others)
  3 slaves (D:8)
3 creatures vanquished.

Grand Total: 184 creatures vanquished

Notes
Turn   | Place    | Note
-------+----------+-------------------------------------------
     0 | D:1      | erker the Deep Dwarf Fighter began the quest for the Orb.
     0 | D:1      | Reached XP level 1. HP: 20/20 MP: 1/1
    37 | D:1      | Reached XP level 2. HP: 27/27 MP: 2/2
   297 | D:1      | Reached XP level 3. HP: 26/33 MP: 3/3
   727 | D:2      | Reached skill level 3 in Long Blades
   854 | D:2      | Reached XP level 4. HP: 19/40 MP: 4/4
  1057 | D:2      | Reached skill level 1 in Dodging
  1348 | D:3      | Reached skill level 4 in Long Blades
  1348 | D:3      | Reached XP level 5. HP: 20/49 MP: 5/5
  1561 | D:3      | Found a glowing golden altar of the Shining One.
  1574 | D:3      | Found a blossoming altar of Fedhas.
  1604 | D:3      | Found a shimmering altar of Xom.
  1620 | D:3      | Found a sparkling altar of Nemelex Xobeh.
  1691 | D:3      | Noticed Ijyb
  1830 | D:3      | Killed Ijyb
  1997 | D:4      | Noticed an ogre
  2147 | D:4      | Reached XP level 6. HP: 42/56 MP: 6/6
  2182 | D:4      | Got a fine robe
  2193 | D:4      | Identified the +1 robe "Xelidu Qeka" {Slay+5} (You found it
                  | on level 4 of the Dungeon)
  2253 | D:4      | Reached skill level 5 in Long Blades
  2271 | D:4      | Noticed Edmund
  2297 | D:4      | Found a staircase to the Ecumenical Temple.
  2308 | Temple   | Entered the Ecumenical Temple
  2515 | D:4      | HP: 1/56 [phantom (9)]
  2603 | D:4      | Noticed Blork the orc
  2610 | D:4      | Killed Blork the orc
  2671 | D:4      | Noticed Grinder
  2688 | D:4      | HP: 2/56 [Grinder (8)]
  2691 | D:4      | Paralysed by Grinder for 4 turns
  2710 | D:4      | Killed Grinder
  2710 | D:4      | Reached skill level 6 in Long Blades
  2710 | D:4      | Reached skill level 1 in Slings
  2710 | D:4      | Reached XP level 7. HP: 32/62 MP: 5/5
  2785 | D:4      | Killed Edmund
  2857 | D:4      | Found a runed door.
  3171 | D:5      | Entered Level 5 of the Dungeon
  3216 | D:5      | Noticed Menkaure
  3225 | D:5      | Killed Menkaure
  3225 | D:5      | Reached skill level 7 in Long Blades
  3232 | D:5      | Reached XP level 8. HP: 34/72 MP: 6/6
  3240 | D:5      | Reached skill level 5 in Shields
  3256 | D:5      | Found an iron altar of Okawaru.
  3318 | D:5      | Reached skill level 8 in Long Blades
  3427 | D:5      | Found Obielafa's Antique Weapon Boutique.
  3954 | D:6      | Noticed Sigmund
  4180 | D:5      | Bought a runed demon blade for 360 gold pieces
  4356 | D:6      | Killed Sigmund
  4356 | D:6      | Reached skill level 9 in Long Blades
  4356 | D:6      | Reached skill level 5 in Armour
  4616 | D:6      | Found a radiant altar of Vehumet.
  4616 | D:6      | Found a burning altar of Makhleb.
  4628 | D:6      | Became a worshipper of Makhleb the Destroyer
  4905 | D:7      | Found a basalt altar of Yredelemnul.
  4914 | D:7      | Gained mutation: You passively map the area around you.
                  | [Deep Dwarf growth]
  4914 | D:7      | Reached XP level 9. HP: 20/79 MP: 7/7
  5299 | D:7      | Found a runed door.
  5300 | D:7      | Noticed HoaS's ghost (novice GrBe)
  5572 | D:8      | Noticed Pikel
  5588 | D:8      | Killed Pikel
  5588 | D:8      | Reached skill level 10 in Long Blades
  5608 | D:8      | HP: 4/80 [bullfrog (4)]
  5718 | D:8      | Reached skill level 5 in Fighting
  5755 | D:8      | Reached * piety under Makhleb
  5755 | D:8      | Reached skill level 11 in Long Blades
  5775 | D:8      | Found a blossoming altar of Fedhas.
  5801 | D:8      | Found a staircase to the Lair.
  5986 | D:8      | Found Uqiwka's Weapon Emporium.
  6043 | D:8      | Reached XP level 10. HP: 23/88 MP: 8/8
  6102 | D:8      | Found a shadowy altar of Dithmenos.
  6406 | D:9      | Found a flagged portal.
  6417 | D:9      | Got a jewelled hand axe
  6419 | D:9      | Got a jewelled hand axe
  6426 | Bailey   | Entered a bailey
  6519 | Bailey   | Found a burning altar of Makhleb.
  6570 | Bailey   | Reached ** piety under Makhleb
  6669 | D:9      | Slain by an orc warrior

Skill      XL: |  1  2  3  4  5  6  7  8  9 |
---------------+----------------------------+-----
Long Blades    | 3 4 6 7 9 11 | 11.7
Fighting       | 3 4 5 |  5.3
Dodging        | 1 2 3 |  3.3
Armour         | 4 5 |  5.8
Shields        | 4 5 6 |  6.3
Slings         | 1 |  1.5
Evocations     | |  0.5

Action                   |  1- 3 |  4- 6 |  7- 9 | 10-12 || total
-------------------------+-------+-------+-------+-------++-------
Melee: Long sword        |   111 |   149 |   168 |       ||   428
       Unarmed           |       |    22 |       |       ||    22
       Demon blade       |       |       |    90 |    47 ||   137
 Fire: Hunting sling     |       |     8 |     2 |     8 ||    18
Throw: Javelin           |       |       |     8 |     4 ||    12
 Abil: Heal Wounds       |       |     3 |     3 |       ||     6
       Evoke Flight      |       |       |       |     2 ||     2
       Stop Flying       |       |       |       |     1 ||     1
Evoke: Wand              |       |       |     2 |       ||     2
  Use: Potion            |       |     4 |     3 |     1 ||     8
       Scroll            |       |       |     2 |     2 ||     4
  Eat: Chunk             |       |     6 |     8 |     2 ||    16
       Ration            |       |       |     1 |       ||     1
Armor: Scale mail        |    61 |    51 |       |       ||   112
       Robe              |       |     4 |     8 |     9 ||    21
       Plate armour      |       |       |    61 |       ||    61
Dodge: Dodged            |    36 |    63 |    46 |    14 ||   159
Block: Shield            |    64 |    75 |   111 |    42 ||   292
       Rpst.: Long sword |    15 |    23 |     8 |       ||    46
       Demon blade       |       |       |     7 |     1 ||     8
